 Dungeon Crawl Stone Soup version 0.30.1-11-g7821555f0a (webtiles) character file.

Game seed: 16499025846021189311

998 Ijustatesigmund the Conjurer (level 8, -9/78 HPs)
             Began as an Octopode Conjurer on Jan 12, 2024.
             Mangled by an ice devil (16 damage)
             ... summoned by a kobold demonologist
             ... on level 5 of the Dungeon.
             The game lasted 00:10:48 (6280 turns).

Ijustatesigmund the Conjurer (Octopode Conjurer)    Turns: 6280, Time: 00:10:48

Health: -9/78      AC: 24    Str:  6    XL:     8   Next: 19%
Magic:  11/15      EV:  2    Int: 20    God:
Gold:   218        SH:  0    Dex: 17    Spells: 6/16 levels left

rFire   . . .        f - +1 hand axe
rCold   . . .        (no shield)
rNeg    . . .        (helmet currently unavailable)
rPois   +            (no amulet)
rElec   .            i - +6 ring of dexterity
rCorr   .            (no ring)
SInv    .            (no ring)
Will    .....        (no ring)
Stlth   ++           (no ring)
HPRegen 0.33/turn    (no ring)
MPRegen 0.14/turn    (no ring)
                     (no ring)

%: no passive effects
@: lethally poisoned (-9 -> -13), tree-form, attractive, very slightly
contaminated, unable to read
A: stationary, stasis, torment immunity, boosted hp, almost no armour,
(amphibious), 8 rings, (camouflage 1), (gelatinous body 1), (nimble swimmer 1),
(tentacles), dopey 1, inability to read after injury 1
a: no special abilities


You were on level 5 of the Dungeon.
You were a tree.
You visited 1 branch of the dungeon, and saw 6 of its levels.

You collected 218 gold pieces.

Inventory:

Hand Weapons
 f - a +1 hand axe (weapon)
Jewellery
 i - a +6 ring of dexterity (left branch)
Wands
 h - a wand of flame (19)
Scrolls
 c - 3 scrolls of torment
 d - a scroll of identify
 g - 2 scrolls of teleportation
 l - 2 scrolls of fear
Potions
 a - 2 potions of magic
 e - 3 potions of brilliance
 j - 3 potions of resistance
Miscellaneous
 n - a piece from Xom's chessboard (15/15)


   Skills:
 + Level 3.0 Fighting
 - Level 3.1 Axes
 - Level 2.0 Dodging
 - Level 2.6 Stealth
 - Level 4.7 Spellcasting
 - Level 6.2 Conjurations
 + Level 0.0 Translocations
 + Level 3.9 Earth Magic


You had 6 spell levels left.
You knew the following spells:

 Your Spells              Type           Power      Damage    Failure   Level
a - Magic Dart            Conj           100%       1d8       1%          1
b - Searing Ray           Conj           58%        2d6       1%          2
c - Stone Arrow           Conj/Erth      48%        3d10      4%          3
d - Iskenderun's Mystic   Conj/Tloc      17%        2d5       32%         4

Your spell library contained the following spells:

 Spells                   Type           Power      Damage    Failure   Level
 Dazzling Flash           Conj/Hex       34%        N/A       10%         3
 Fulminant Prism          Conj/Hex       8%         3d7       32%         4
 Gell's Gravitas          Tloc           4%         N/A       34%         3
 Teleport Other           Tloc           4%         N/A       34%         3
 Dispersal                Tloc           2%         N/A       100%        6
 Lehudib's Crystal Spear  Conj/Erth      12%        10d4      100%        8
 Animate Armour           Summ/Erth      Unusable   N/A       N/A         4

Dungeon Overview and Level Annotations

Branches:
Dungeon (6/15)             Temple (0/1) D:5

Altars:
Hepliaklqana

Shops:
D:5 :(


Innate Abilities, Weirdness & Mutations

You are a tree.
Your roots penetrate the ground, keeping you stationary.
You cannot be teleported.
You are immune to unholy pain and torment.
Your maximum health is greatly increased.
You cannot wear most types of armour.
((You are amphibious.))
You can wear up to eight rings at the same time.
((Your skin changes colour to match your surroundings (Stealth+).))
((Your rubbery body absorbs attacks. (AC +1, EV +1)))
((You are camouflaged when in or above water. (Stealth+)))
((You have tentacles for arms and can constrict up to eight enemies at once.))
You are dopey. (Int -2)
You occasionally lose the ability to read scrolls when taking damage.


Message History

* * * LOW HITPOINT WARNING * * *
You are lethally poisoned!
The ice devil misses you.
It was a potion of lignification.
You turn into a tree.
Your roots penetrate the ground.
You feel less invigorated.
You feel less confused.
You feel very sick.
The kobold demonologist mumbles some strange words.
The crimson imp laughs crazily.
The ice devil hits you but does no damage.
It was a potion of mutation.
You feel extremely strange.
You occasionally lose the ability to read scrolls when taking damage.
You feel stupid.
You feel very sick.
The kobold demonologist looks braver for a moment.
The ice devil hits you but does no damage.
You closely miss the kobold demonologist.
The kobold demonologist is almost dead.
You hit the ice devil but do no damage.
You feel very sick.
The kobold demonologist casts a spell.
The ice devil hits you but does no damage.
You closely miss the kobold demonologist.
The kobold demonologist is almost dead.
You completely miss the ice devil.
You feel very sick.
The kobold demonologist hits you but does no damage.
The ice devil hits you but does no damage.
Casting: Searing Ray (safe; 1% risk of failure)
Confirm with . or Enter, or press ? or * to list all spells.
You miscast Iskenderun's Mystic Blast.
You are very lightly contaminated with residual magic.
Nothing appears to happen.
You feel sick.
The kobold demonologist hits you but does no damage.
The white imp shouts, "Tremble, thou dissembling miscreant flap-bat!"
The ice devil hits you.
* * * LOW HITPOINT WARNING * * *
The ice devil freezes you!
You feel threatened and lose the ability to read scrolls!
You die...

#### ##### #####...
##♣4.#######.....##
########K###.##.....#...#
#......555..............##
#..##'#44####............#
#..#..####..####..####..#.
###..#).#.(#.†#..#'##..#..##
#....#).#..##'#..#..#†.#..##
#.#..##'#'##..#'##..#'###...
#.#..#..#........##'#)..#.#.


You could see a hellwing (summoned), an ice devil (summoned), a kobold
demonologist, a red devil (summoned), a crimson imp (summoned) and a white imp
(summoned).

Vanquished Creatures
  A steam dragon (D:6)
  A black bear (D:5)
  A phantom (D:5)
  4 scorpions (D:5)
  A hound (D:5)
  2 orc priests
  3 iguanas
  14 gnolls
  3 adders
  A shadow imp (D:3)
  2 white imps (D:5)
  An ufetubus (D:5)
  A worm (D:2)
  A dart slug (D:3)
  16 orcs
  5 bats
  5 endoplasms
  2 giant cockroaches
  8 goblins
  10 hobgoblins
  4 jackals
  6 quokkas
  8 ball pythons
  2 frilled lizards (D:2)
  11 kobolds
  3 rats
116 creatures vanquished.

Notes
Turn   | Place    | Note
-------+----------+-------------------------------------------
     0 | D:1      | Ijustatesigmund the Octopode Conjurer began the quest for
                  | the Orb.
     0 | D:1      | Reached XP level 1. HP: 11/11 MP: 3/3
   124 | D:1      | Reached XP level 2. HP: 18/18 MP: 1/5
   129 | D:1      | Learned a level 2 spell: Searing Ray
   347 | D:1      | Reached skill level 1 in Fighting
  1049 | D:2      | Reached XP level 3. HP: 23/23 MP: 2/6
  1509 | D:2      | Found a faded altar of an unknown god.
  1751 | D:2      | Reached XP level 4. HP: 18/29 MP: 1/8
  1916 | D:2      | Learned a level 3 spell: Stone Arrow
  2479 | D:3      | Found a hazy altar of Hepliaklqana.
  2843 | D:3      | Reached skill level 1 in Axes
  2843 | D:3      | Reached skill level 1 in Earth Magic
  2843 | D:3      | Reached XP level 5. HP: 28/34 MP: 0/9
  3740 | D:4      | Noticed a phantom
  3740 | D:4      | You fall into a shaft and drop 1 floor!
  3740 | D:5      | Entered Level 5 of the Dungeon
  3848 | D:5      | Noticed a phantom
  3867 | D:5      | Killed a phantom
  3868 | D:5      | Reached skill level 5 in Conjurations
  3868 | D:5      | Reached XP level 6. HP: 16/39 MP: 1/11
  4294 | D:5      | Noticed a black bear
  4301 | D:5      | Killed a black bear
  4400 | D:5      | Found Jutockul's Weapon Emporium.
  4510 | D:5      | Reached XP level 7. HP: 45/45 MP: 5/12
  5080 | D:5      | Found Kinoci's Book Shoppe.
  5183 | D:5      | Found a staircase to the Ecumenical Temple.
  5749 | D:6      | Noticed a steam dragon
  5763 | D:6      | Killed a steam dragon
  5764 | D:6      | Reached skill level 6 in Conjurations
  5764 | D:6      | Reached XP level 8. HP: 13/51 MP: 4/14
  6095 | D:6      | Noticed a kobold demonologist
  6111 | D:5      | Learned a level 4 spell: Iskenderun's Mystic Blast
  6262 | D:6      | Noticed a soul eater
  6275 | D:5      | Noticed an ice devil
  6277 | D:5      | Noticed a red devil
  6277 | D:5      | Gained mutation: You occasionally lose the ability to read
                  | scrolls when taking damage. [potion of mutation]
  6277 | D:5      | Gained mutation: You are dopey. (Int -2) [potion of
                  | mutation]
  6279 | D:5      | Noticed a hellwing
  6280 | D:5      | Mangled by an ice devil

Illustrated notes

Levels and vault maps discovered:
D:1:      psy_arrival_radial01, layout_basic, hangedman_decor_points,
          minmay_pentomino_z2
D:2:      layout_basic, dreamdust_ecumenical_altar_statues,
          dreamdust_mushroom_princess, kennysheep_cluttered_room,
          nrook_loot_triangle, guppyfry_early_lair_pool
D:3:      layout_basic, mainiacjoe_overflow_chevrons
D:4:      layout_loops_corners, dk_yredelemnul_ordeal,
          ebering_ghost_disaster_area, nicolae_ossuary_entry_ruins,
          uniq_grinder, uniq_robin
D:5:      corexii_shantytown, layout_loops_ring, minmay_temple_entry_trees,
          serial_shops, shop, nicolae_inconvenience_store,
          hellmonk_bongcloud_opening, serial_bayou_pond_d
D:6:      layout_cave_pods, minmay_fractal_squares_diagonal_5

Skill      XL: |  1  2  3  4  5  6  7  8 |
---------------+-------------------------+-----
Fighting       | 1 2 3 |  3.0
Spellcasting   | 3 4 |  4.7
Axes           | 1 2 3 |  3.1
Earth Magic    | 1 2 3 |  3.9
Conjurations   | 5 6 |  6.2
Dodging        | |  2.0
Stealth        | |  2.6

Action                     |  1- 3 |  4- 6 |  7- 9 || total
---------------------------+-------+-------+-------++-------
  Melee: Unarmed           |     7 |       |       ||     7
         Tentacles         |     7 |    11 |     3 ||    21
         Hand axe          |    12 |    42 |     9 ||    63
         Constrict         |     5 |    12 |       ||    17
         Punch             |     1 |     1 |       ||     2
   Cast: Magic Dart        |    59 |    69 |    39 ||   167
         Searing Ray       |       |    15 |    14 ||    29
  Evoke: Piece from Xom's  |       |       |     1 ||     1
    Use: Scroll            |       |    11 |     2 ||    13
         Potion            |       |     1 |     5 ||     6
   Stab: Sleeping          |     1 |     5 |       ||     6
 Armour: Skin              |     1 |     5 |     8 ||    14
  Dodge: Dodged            |    12 |    48 |    29 ||    89
